 Dungeon Crawl Stone Soup version 0.28.0-53-g5a82cb258f (webtiles) character file.

Game seed: 8986961049286373189

349 Celdia the Ruffian (level 6, -13/61 HPs)
             Began as a Troll Berserker on July 4, 2022.
             Was a Believer of Sif Muna.
             Mangled by a polar bear (22 damage)
             ... created by the rage of Trog
             ... on level 3 of the Dungeon.
             The game lasted 00:10:47 (2207 turns).

Celdia the Ruffian (Troll Berserker)                Turns: 2207, Time: 00:10:48

Health: -13/61     AC:  4    Str: 26 (28) XL:     6   Next: 33%
Magic:  5/5        EV: 10    Int:  0 (3)  God:    Sif Muna [**....]
Gold:   66         SH:  0    Dex:  7 (9)  Spells: 5/5 levels left

rFire   . . .      SeeInvis .     - Unarmed
rCold   . . .      Faith    .   c - orb {light}
rNeg    . . .      Spirit   .   a - +0 animal skin
rPois   .          Reflect  .   (helmet restricted)
rElec   .          Harm     .   (no cloak)
rCorr   .          Rampage  .   (gloves unavailable)
Will    .....                   (boots unavailable)
Stlth   +.........              (no amulet)
HPRegen 1.00/turn               (no ring)
MPRegen 0.09/turn               (no ring)

@: slowed, lost intelligence, glowing, unable to read, very slow
A: large, unfitting armour, claws 3, regeneration 1, shaggy fur 1, tough skin 1
a: Renounce Religion, Channel Magic


You were on level 3 of the Dungeon.
You worshipped Sif Muna.
Sif Muna was pleased with you.
You visited 1 branch of the dungeon, and saw 3 of its levels.

You collected 66 gold pieces.

Inventory:

Hand Weapons
 f - a +1 halberd of protection
Armour
 a - a +0 animal skin (worn)
 c - an orb of light (worn)
Jewellery
 e - a +6 ring of strength
Scrolls
 b - a scroll of immolation {unknown}
Potions
 d - a potion of degeneration
 g - a potion of magic {unknown}
 h - a potion of curing {unknown}


   Skills:
 + Level 3.4 Fighting
 + Level 3.5 Dodging
 + Level 5.7 Unarmed Combat


You had 5 spell levels left.
You didn't know any spells.
Your spell library contained the following spells:

 Spells                   Type           Power      Damage    Failure   Level
 Corpse Rot               Necr/Air       0%         N/A       75%         2
 Poisonous Vapours        Pois/Air       0%         N/A       75%         2
 Static Discharge         Conj/Air       0%         N/A       75%         2
 Dispel Undead            Necr           0%         3d6       100%        4
 Sticky Flame             Conj/Fire      0%         2d3       100%        4


Dungeon Overview and Level Annotations

Branches:
Dungeon (3/15)

Altars:
Sif Muna


Innate Abilities, Weirdness & Mutations

You are too large for most types of armour.
You have claws for hands.
Your natural rate of healing is unusually fast.
You are covered in fur. (AC +1)
You have tough skin. (AC +1)


Message History

Why would you want to do that?
You see here a +0 ring mail.
Found a stone staircase leading up.
You see here a +0 ring mail.
Found an escape hatch in the ceiling.
Found a stone staircase leading down.
Really walk into that dispersal trap?
You enter a dispersal trap!
You blink.
Found 20 stones.
You now have 66 gold pieces (gained 9).
You see here 20 stones.
Found a stone staircase leading up.
A bat comes into view.
The bat hits you but does no damage. The bat closely misses you.
The bat closely misses you. x2
The bat hits you. The bat misses you.
You claw the bat!
You kill the bat!
Sif Muna accepts your kill.
Found a stone staircase leading down.
Why would you want to do that?
Found 14 stones and a leather armour.
Found an escape hatch in the floor.
Trog sends monsters to punish you.
A black bear and 2 polar bears come into view.
You claw the polar bear!
The polar bear is moderately wounded.
The polar bear bites you!! The polar bear barely misses you.
The polar bear claws you. The polar bear barely misses you.
The polar bear claws you but does no damage.
The polar bear barely misses you.
The polar bear rages.
The polar bear bites you!!
* * * LOW HITPOINT WARNING * * *
The polar bear misses you. The polar bear claws you.
* * * LOW HITPOINT WARNING * * *
Unknown command.
The polar bear rages.
The polar bear bites you but does no damage.
The polar bear barely misses you. x2; The polar bear bites you!!
You die...

...............#
.............###
>............###
...............#
........###..#.#
.#.#....# #..#.###+
# #....###........
.#.#....##.........
.......@hhh........
##.#...#.#.........
#...#.#...##.##.
.....#.#...# .#
#.#...#.#...# # #
...........
.#.###.#...## #.#.
#.#...#


You could see 2 polar bears and a black bear (berserk).

Vanquished Creatures
  Grinder (D:3)
  An orc priest (D:2)
  An orc wizard (D:2)
  3 gnolls (D:2)
  3 adders (D:2)
  A worm (D:2)
  A dart slug (D:1)
  2 orcs (D:2)
  8 bats
  3 endoplasms
  A giant cockroach (D:1)
  2 goblins (D:1)
  A hobgoblin (D:2)
  A quokka (D:1)
  3 ball pythons
  3 frilled lizards
  2 kobolds
  3 rats
40 creatures vanquished.

Notes
Turn   | Place    | Note
-------+----------+-------------------------------------------
     0 | D:1      | Celdia the Troll Berserker began the quest for the Orb.
     0 | D:1      | Reached XP level 1. HP: 22/22 MP: 0/0
   359 | D:1      | Reached XP level 2. HP: 29/29 MP: 1/1
   647 | D:1      | Found a faded altar of an unknown god.
   694 | D:1      | Prayed at the altar of an unknown god.
   694 | D:1      | Fell from the grace of Trog
   694 | D:1      | Became a worshipper of Sif Muna the Loreminder
   694 | D:1      | Reached * piety under Sif Muna
  1054 | D:2      | Reached XP level 3. HP: 31/36 MP: 2/2
  1145 | D:2      | Reached skill level 4 in Unarmed Combat
  1145 | D:2      | Reached XP level 4. HP: 19/45 MP: 3/3
  1815 | D:2      | Reached ** piety under Sif Muna
  1816 | D:2      | Reached XP level 5. HP: 53/53 MP: 4/4
  1973 | D:3      | Noticed Grinder
  2007 | D:3      | Paralysed by Grinder for 5 turns
  2014 | D:3      | Killed Grinder
  2015 | D:3      | Reached skill level 5 in Unarmed Combat
  2015 | D:3      | Reached XP level 6. HP: 45/61 MP: 5/5
  2017 | D:3      | Lost intelligence.
  2203 | D:3      | Noticed a polar bear
  2203 | D:3      | Noticed a polar bear
  2207 | D:3      | Mangled by a polar bear

Illustrated notes

Levels and vault maps discovered:
D:1:      psy_arrival_statuary, layout_basic,
          dreamdust_ecumenical_altar_angels_and_demons
D:2:      layout_basic
D:3:      layout_basic, uniq_terence, uniq_grinder

Skill      XL: |  1  2  3  4  5 |
---------------+----------------+-----
Fighting       | 3 |  3.4
Dodging        | 3 |  3.5
Unarmed Combat | 4 5 |  5.7

Action                   |  1- 3 |  4- 6 || total
-------------------------+-------+-------++-------
Melee: Unarmed           |    51 |    39 ||    90
  Use: Scroll            |     4 |     2 ||     6
       Potion            |     1 |     1 ||     2
 Stab: Sleeping          |     1 |       ||     1
Armor: Animal skin       |    28 |    14 ||    42
Dodge: Dodged            |    33 |    26 ||    59
